 Dungeon Crawl Stone Soup version 0.21-a0-150-gc243083 (webtiles) character file.

97 tehllama the Digger (level 4, -5/24 HPs)
             Began as a Gargoyle Earth Elementalist on July 29, 2017.
             Killed by divine providence
             ... invoked by an orc priest
              (14 damage)
             ... on level 3 of the Dungeon.
             The game lasted 00:06:38 (3075 turns).

tehllama the Digger (Gargoyle Earth Elementalist)   Turns: 3075, Time: 00:06:40

Health: -5/24      AC:  5    Str: 11    XL:     4   Next: 68%
Magic:  0/8        EV: 12    Int: 17    God:
Gold:   48         SH:  0    Dex: 10    Spells: 5/9 levels left

rFire    . . .     SeeInvis .   p - +0 mace
rCold    . . .     Gourm    .   (no shield)
rNeg     + . .     Faith    .   c - +0 robe
rPois    ∞         Spirit   .   (no helmet)
rElec    +         Reflect  .   (no cloak)
rCorr    .         Harm     .   (no gloves)
MR       .....                  (no boots)
Stlth    ++........             (no amulet)
HPRegen  0.08/turn              (no ring)
MPRegen  0.11/turn              (no ring)

@: no status effects
A: negative energy resistance 1, electricity resistance, unbreathing,
petrification resistance, rot immunity, AC +3
a: no special abilities


You were on level 3 of the Dungeon.
You were not hungry.

You visited 1 branch of the dungeon, and saw 3 of its levels.

You collected 48 gold pieces.

Inventory:

Hand Weapons
 p - a +0 mace (weapon)
Missiles
 b - 36 stones (quivered)
Armour
 c - a +0 robe (worn)
Jewellery
 i - an uncursed ring of resist corrosion {unknown}
Scrolls
 f - 3 scrolls of blinking {unknown}
 h - a scroll of enchant weapon {unknown}
 j - a scroll of enchant armour {unknown}
 l - a scroll of amnesia {unknown}
 n - 7 scrolls of identify {unknown}
 o - a scroll of remove curse {unknown}
Potions
 a - a potion of haste {unknown}
 k - 2 potions of cancellation {unknown}
 m - a potion of curing {unknown}
 q - a potion of might {unknown}
 r - a potion of lignification {unknown}
 s - a potion of invisibility {unknown}
Books
 e - a book of Geomancy

   Spells                             Type                      Level
   a - Sandblast                      Earth                        1
   b - Passwall                       Transmutation/Earth          2
   c - Stone Arrow                    Conjuration/Earth            3
   d - Petrify                        Transmutation/Earth          4
   e - Lee's Rapid Deconstruction     Earth                        5
Comestibles
 d - 2 bread rations
 g - 2 meat rations
 t - a chunk of flesh


   Skills:
 - Level 1.5 Dodging
 - Level 2.1 Stealth
 + Level 3.1 Spellcasting
 + Level 1.8 Conjurations
   Level 0.7 Transmutations
 + Level 4.9 Earth Magic


You had 5 spell levels left.
You knew the following spells:

 Your Spells              Type           Power        Failure   Level  Hunger
a - Sandblast             Erth           ###...       2%          1    None
b - Stone Arrow           Conj/Erth      ##....       13%         3    ###....


Dungeon Overview and Level Annotations

Branches:
Dungeon (3/15)

Altars:


Innate Abilities, Weirdness & Mutations

You are resistant to torment.
Your stone body is resilient. (AC +3)
You are immune to poison.
You resist negative energy. (rN+)
You are resistant to electric shocks. (rElec)
You can survive without breathing.
You are immune to petrification.
You are immune to rotting.


Message History

Aim: an orc wizard, wielding a dagger and wearing a robe (lightly wounded)
The blast of sand misses the orc wizard.
The blast of sand misses the orc.
b - 37 stones The orc priest miscasts a cantrip.
The orc wizard casts a spell at you. The magic dart hits you!
Casting: Sandblast
Confirm with . or Enter, or press ? or * to list all spells.
Aiming: Sandblast
Press: ? - help, Shift-Dir - straight line, f/p - orc wizard
Aim: an orc wizard, wielding a dagger and wearing a robe (lightly wounded)
The blast of sand misses the orc wizard.
The blast of sand hits the orc.
The orc is almost dead.
b - 36 stones The orc priest calls down the wrath of Beogh upon you.
Beogh smites you!
Ouch! That really hurt!
You die...

# #.####.####
#oo@†..=...
#....o)...####
....########
###


You could see an orc priest, an orc wizard and an orc.

Vanquished Creatures
  An orc priest (D:3)
  An ooze (D:1)
  2 worms (D:2)
  A dart slug (D:1)
  3 leopard geckos
  An orc (D:3)
  A ball python (D:3)
  9 bats
  3 giant cockroaches
  6 goblins
  4 hobgoblins
  6 kobolds
  3 frilled lizards
  7 rats
48 creatures vanquished.

Notes
Turn   | Place    | Note
-------+----------+-------------------------------------------
     0 | D:1      | tehllama the Gargoyle Earth Elementalist began the quest for the Orb.
     0 | D:1      | Reached XP level 1. HP: 10/10 MP: 3/3
   269 | D:1      | Reached XP level 2. HP: 15/15 MP: 1/5
   277 | D:1      | Reached skill level 4 in Earth Magic
  1310 | D:1      | Reached XP level 3. HP: 8/19 MP: 7/7
  1315 | D:1      | Learned a level 3 spell: Stone Arrow
  2749 | D:2      | Reached skill level 1 in Conjurations
  2862 | D:2      | Reached XP level 4. HP: 8/24 MP: 6/8
  3075 | D:3      | Killed from afar by an orc priest

Vault maps used:
D:1:      roderic_crossed_star, kennysheep_pointless_box
D:2:      minmay_diamond_boxcup
D:3:      lemuel_doored_altar, chequers_ecumenical_altar_island, serial_forest,
          infiniplex_forest_corner_2, infiniplex_forest_lined_room_,
          infiniplex_forest_straight_4, infiniplex_forest_zigzag_1,
          infiniplex_forest_lined_2, infiniplex_forest_straight_4,
          infiniplex_forest_clump_medium, infiniplex_forest_straight_1,
          infiniplex_forest_straight_3, first_bread, minivault_26, uniq_terence

Skill      XL: |  1  2  3  4 |
---------------+-------------+-----
Earth Magic    | 4 |  4.9
Conjurations   | 1 |  1.8
Spellcasting   | 3 |  3.1
Dodging        | |  1.5
Stealth        | |  2.1
Transmutations | |  0.7

Action                   |  1- 3 |  4- 6 || total
-------------------------+-------+-------++-------
Melee: Unarmed           |    31 |       ||    31
       Club              |    53 |       ||    53
       Mace              |    50 |     6 ||    56
 Cast: Sandblast         |    21 |    12 ||    33
       Stone Arrow       |     2 |       ||     2
 Stab: Sleeping          |     3 |       ||     3
  Eat: Chunk             |     7 |       ||     7
Armor: Robe              |    59 |     7 ||    66
Dodge: Dodged            |   121 |     8 ||   129
